 Dungeon Crawl Stone Soup version 0.18-a0-1692-g516f9e9 (webtiles) character file.

65 Yawgmoth the Digger (level 4, -2/26 HPs)
             Began as a Gargoyle Earth Elementalist on Apr 5, 2016.
             Slain by a goblin (5 damage)
             ... led by Robin
             ... on level 2 of the Dungeon.
             The game lasted 00:07:21 (1069 turns).

Yawgmoth the Digger (Gargoyle Earth Elementalist)   Turns: 1069, Time: 00:07:22

Health: -2/26      AC:  6    Str: 11    XL:     4   Next: 14%
Magic:  4/7        EV: 11    Int: 17    God:
Gold:   32         SH:  0    Dex: 10    Spells: 1 memorised, 7 levels left

rFire  . . .     SeeInvis .     b - 14 stones
rCold  . . .     Gourm    .     k - +0 leather armour
rNeg   + . .     Faith    .     (no shield)
rPois  ∞         Spirit   .     (no helmet)
rElec  +         Dismiss  .     (no cloak)
rCorr  .         Reflect  .     (no gloves)
SustAt .         Harm     .     (no boots)
MR     .....                    (no amulet)
Stlth  ++........               (no ring)
                                (no ring)

@: not resistant to hostile enchantments, unstealthy
A: negative energy resistance 1, electricity resistance, unbreathing,
petrification resistance, rot immunity, AC +3
a: no special abilities


You were on level 2 of the Dungeon.
You were not hungry.

You visited 1 branch of the dungeon, and saw 2 of its levels.

You collected 32 gold pieces.

Inventory:

Hand Weapons
 i - a +0 club
Missiles
 b - 14 stones (in hand)
Armour
 a - a +0 robe
 k - a +0 leather armour (worn)
Scrolls
 m - a scroll of magic mapping {unknown}
Books
 c - a book of Geomancy

   Spells                             Type                      Level
   a - Sandblast                      Earth                        1
   b - Passwall                       Transmutation/Earth          2
   c - Stone Arrow                    Conjuration/Earth            3
   d - Petrify                        Transmutation/Earth          4
   e - Lee's Rapid Deconstruction     Earth                        5
Comestibles
 d - 2 bread rations


   Skills:
 + Level 1.8 Fighting
 + Level 0.2 Armour
 - Level 1.7 Dodging
 - Level 2.3 Stealth
 + Level 2.5 Spellcasting
   Level 0.7 Transmutations
 + Level 4.5 Earth Magic


You had 7 spell levels left.
You knew the following spells:

 Your Spells              Type           Power        Failure   Level  Hunger
a - Sandblast             Erth           ###...       4%          1    #......


Dungeon Overview and Level Annotations

Branches:
Dungeon (2/15)

Altars:
Dithmenos
Xom

Annotations:
D:2 Robin


Innate Abilities, Weirdness & Mutations

You are resistant to torment.
Your stone body is resilient (AC +3).
You are immune to poison.
You resist negative energy.
You are resistant to electric shocks.
You can survive without breathing.
You are immune to petrification.
You are immune to rotting.


Message History

Confirm with . or Enter, or press ? or * to list all spells.
Aiming: Sandblast
Press: ? - help, Shift-Dir - straight line, f/p - worm
Aim: a worm (moderately wounded)
The rocky blast hits the worm.
The worm is severely wounded.
The goblin misses you. The goblin hits you but does no damage.
The goblin hits you.
* * * LOW HITPOINT WARNING * * *
The giant newt bites you but does no damage.
The goblin closely misses you.
Casting: Sandblast
Confirm with . or Enter, or press ? or * to list all spells.
Aiming: Sandblast
Press: ? - help, Shift-Dir - straight line, f/p - worm
Aim: a worm (severely wounded)
The rocky blast hits the worm.
You kill the worm!
The goblin hits you.
You die...

....gg#.#.##.^....≈## .. .#
#####l#.#.#≈≈...♣.≈.# ...... #..
#.#.#..≈#♣._..♣♣.. .... .+..#
#.#.#.#..≈_...._# ... ....
#.#.#.##.≈≈#...#####.####.###
#####...#..##..≈≈###.....##.....#
#...........###^###......#.......
g...........gg#g###......#.......
g...........gggg@gl.........._...
#.g..........#glgSw......#...!...
#..(b..b.....#.gl.)......#.......
#............#.......###.##.....#
#....g.......#......w###.####.###
#......(.....#...................
##############.............##w#.#
#.............##.#.#
#.....).....####.#.#


You could see 2 worms, Robin, an adder, a giant gecko, a hobgoblin, 9 goblins
and 2 giant newts.

Vanquished Creatures
  3 adders (D:2)
  An ooze (D:1)
  A worm (D:2)
  2 giant geckos (D:1)
  5 bats
  A giant cockroach (D:1)
  3 goblins
  3 hobgoblins
  4 jackals (D:1)
  3 giant newts (D:1)
  2 kobolds
  3 rats
31 creatures vanquished.

Notes
Turn   | Place    | Note
--------------------------------------------------------------
     0 | D:1      | Yawgmoth the Gargoyle Earth Elementalist began the quest for the Orb.
     0 | D:1      | Reached XP level 1. HP: 10/10 MP: 3/3
   137 | D:1      | Reached skill level 4 in Earth Magic
   137 | D:1      | Reached XP level 2. HP: 15/15 MP: 0/5
   563 | D:1      | Reached skill level 1 in Fighting
   563 | D:1      | Reached XP level 3. HP: 20/20 MP: 0/6
   910 | D:2      | Found a shimmering altar of Xom.
   980 | D:2      | Found a shimmering altar of Xom.
   981 | D:2      | Found a shimmering altar of Xom.
   988 | D:2      | Noticed Robin
   989 | D:2      | Reached XP level 4. HP: 25/26 MP: 5/7
  1015 | D:2      | Found a shadowy altar of Dithmenos.
  1069 | D:2      | Slain by a goblin

Vault maps used:
D:1:      scummos_arrival_forest, minmay_misc_feat_secret_circle,
          serial_park_tiny_1
D:2:      xom_redecorated, old_standard_altar, first_bread,
          kennysheep_generic_room_2, uniq_robin

Skill      XL: |  1  2 |
---------------+-------+-----
Earth Magic    | 4 |  4.5
Fighting       | 1 |  1.8
Armour         | |  0.2
Dodging        | |  1.7
Stealth        | |  2.3
Spellcasting   | |  2.5
Transmutations | |  0.7

Action                   |  1- 3 |  4- 6 || total
-------------------------+-------+-------++-------
Melee: Club              |    38 |     6 ||    44
Throw: Stone             |     1 |       ||     1
 Cast: Sandblast         |    32 |    12 ||    44
  Use: Scroll            |     1 |     2 ||     3
       Potion            |       |     5 ||     5
 Stab: Sleeping          |     2 |       ||     2
  Eat: Chunk             |     1 |       ||     1
